AoeStats
← 周公瑾

MegaRandom

509853407Analyzed
3v3 RM · 2d ago on Sep 28, 2026· 85m 8s· 6 players
Game mode
Random Map
Map size
Normal (6 player)
Population
200
Speed
Normal
Resources
Standard
Victory
Conquest
Starting age
Dark Age
Ending age
Imperial Age
RankedLock teamsTeams togetherTeam positionsShared explorationLock speedFull tech treeHidden civsTurbo modeCheats
Victory
Defeat
🇫🇷 Teutons · France
928
+17
🇫🇷 Khmer · France
924
+17
🇩🇪 Britons · Germany
911
+51
🇨🇳 Mongols · China
970
-18
🇦🇺 Britons · Australia
969
-17
🇦🇺 Malay · Australia
931
-17
WyZeR
0:29 Loom
15:10 Feudal Age
16:12 Fishing Lines
20:16 Castle Age
18:12 Stone Mining
18:37 Double-Bit Axe
21:35 Town Watch
22:26 Wheelbarrow
21:43 Horse Collar
26:35 Imperial Age
25:41 Hand Cart
25:27 Gold Mining
25:52 Bow Saw
29:42 Gold Shaft Mining
29:43 Stone Shaft Mining
29:17 Heavy Plow
32:29 Fletching
32:50 Forging
32:41 Scale Mail Armor
32:47 Scale Barding Armor
33:53 Bodkin Arrow
36:51 Crop Rotation
36:59 Bloodlines
36:13 Elite Battle Elephant
37:43 Iron Casting
39:23 Tusk Swords
39:26 Double Crossbow
41:29 Blast Furnace
40:45 Chain Mail Armor
40:51 Chain Barding Armor
40:53 Bloodlines
43:51 Elite Ballista Elephant
47:39 Bracer
48:26 Plate Barding Armor
47:52 Padded Archer Armor
60:33 Light Cavalry
62:33 Conscription
63:47 Hussar
70:47 Medium Warships
70:54 Medium Warships
73:41 Heavy Warships
75:55 Chemistry
79:49 Elite Cannon Galleon
82:23 Town Patrol
Rodorm
12:59 Feudal Age
13:56 Double-Bit Axe
14:42 Gold Mining
15:53 Horse Collar
21:32 Castle Age
23:33 Stone Mining
24:13 Forging
23:52 Pikeman
28:24 Medium Warships
29:38 Bow Saw
29:30 Heavy Plow
30:08 Stone Shaft Mining
31:37 Squires
32:50 Iron Casting
32:39 Fletching
34:48 Fishing Lines
37:06 Ironclad
37:40 Bloodlines
46:29 Imperial Age
45:55 Ballistics
45:48 Fortified Wall
46:03 Elite Skirmisher
48:02 Bodkin Arrow
49:28 Conscription
50:27 Chemistry
54:50 Blast Furnace
54:05 Clinker Construction
58:43 Caravan
59:48 Two-Man Saw
59:23 Crop Rotation
59:48 Elite Teutonic Knight
67:33 Crenellations
68:13 Halberdier
71:32 Scale Barding Armor
71:29 Padded Archer Armor
71:29 Scale Mail Armor
73:56 Cavalier
76:04 Chain Mail Armor
76:04 Leather Archer Armor
76:37 Paladin
85:36 Wheelbarrow
84:50 Loom
84:52 Town Watch
85:36 Bombard Tower
85:06 Guard Tower
m4jest1cs
7:07 Loom
9:48 Feudal Age
8:09 Loom
9:59 Feudal Age
11:13 Double-Bit Axe
11:38 Horse Collar
19:34 Castle Age
21:01 Fletching
20:34 Crossbowman
22:28 Wheelbarrow
22:42 Wheelbarrow
22:19 Bodkin Arrow
22:35 Forging
22:35 Gold Mining
22:58 Town Watch
23:49 Bow Saw
26:26 Gold Shaft Mining
26:09 Hand Cart
26:05 Heavy Plow
27:17 Town Patrol
30:42 Iron Casting
30:07 Padded Archer Armor
31:35 Ballistics
33:12 Leather Archer Armor
35:55 Murder Holes
39:00 Imperial Age
47:43 Guilds
48:26 Yeomen
50:22 Treadmill Crane
50:52 Masonry
51:43 Chemistry
51:05 Bracer
52:05 Blast Furnace
51:36 Ring Archer Armor
52:20 Two-Man Saw
53:25 Conscription
55:10 Elite Longbowman
57:04 Husbandry
56:24 Light Cavalry
60:53 Scale Barding Armor
62:30 Caravan
79:26 Hoardings
.wailord
0:49 Loom
11:16 Feudal Age
11:46 Double-Bit Axe
11:41 Horse Collar
20:06 Gold Mining
22:34 Castle Age
20:36 Padded Archer Armor
21:13 Fletching
22:53 Wheelbarrow
22:05 Town Watch
23:42 Bodkin Arrow
24:09 Bow Saw
24:00 Heavy Plow
24:39 Gold Shaft Mining
24:45 Elite Skirmisher
26:22 Hand Cart
27:08 Stone Mining
27:58 Leather Archer Armor
30:04 Ballistics
29:57 Masonry
29:27 Treadmill Crane
32:52 Yeomen
35:13 Imperial Age
34:15 Yeomen
36:26 Conscription
35:26 Elite Longbowman
40:15 Architecture
43:10 Bracer
43:40 Ring Archer Armor
45:15 Chemistry
47:04 Guilds
49:51 Scale Barding Armor
49:57 Forging
50:42 Town Patrol
51:04 Chain Barding Armor
53:44 Two-Man Saw
60:06 Plate Barding Armor
62:53 Iron Casting
61:41 Light Cavalry
62:22 Husbandry
69:56 Blast Furnace
74:35 Coinage
ausiobo
12:45 Feudal Age
17:53 Castle Age
17:49 Wheelbarrow
17:01 Town Watch
17:02 Loom
19:01 Stone Mining
19:01 Double-Bit Axe
20:50 Hand Cart
21:04 Horse Collar
21:17 Gold Mining
22:51 Stone Shaft Mining
22:24 Heavy Plow
22:41 Man-at-Arms
28:54 Fishing Lines
32:28 Pikeman
33:54 Forging
33:35 Fletching
37:59 Imperial Age
36:48 Long Swordsman
37:29 Squires
37:30 Two-Handed Swordsman
39:12 Bow Saw
39:39 Gold Shaft Mining
38:35 Halberdier
40:06 Iron Casting
39:45 Bodkin Arrow
39:15 Crossbowman
41:24 Conscription
41:30 Forced Levy
43:26 Arbalester
50:20 Thalassocracy
53:46 Blast Furnace
56:07 Bracer
56:31 Ballistics
57:12 Chemistry
60:09 Arson
周公瑾
13:45 Feudal Age
21:33 Castle Age
20:41 Scale Mail Armor
20:52 Forging
20:40 Double-Bit Axe
20:38 Horse Collar
22:22 Scale Barding Armor
22:45 Bow Saw
22:00 Light Cavalry
22:42 Town Watch
26:36 Bloodlines
26:46 Loom
28:36 Wheelbarrow
28:30 Ballistics
29:49 Pikeman
35:12 Fletching
39:57 Imperial Age
38:32 Bodkin Arrow
38:38 Padded Archer Armor
40:04 Murder Holes
40:19 Fortified Wall
41:43 Chemistry
41:14 Conscription
41:16 Bracer
42:14 Leather Archer Armor
43:58 Chain Barding Armor
45:04 Squires
47:20 Hand Cart
49:28 Parthian Tactics
49:08 Thumb Ring
49:53 Heavy Plow
50:05 Man-at-Arms
51:04 Chain Mail Armor
51:25 Iron Casting
52:28 Drill
51:38 Long Swordsman
52:14 Two-Handed Swordsman
54:38 Iron Casting
53:58 Champion
60:00 Blast Furnace
63:09 Town Patrol
Connection lost

Rejoining the realm…

Still unreachable

The connection could not be restored.

Session expired

The server has moved on; the page needs a fresh start.